 Dungeon Sprint DCSS version 0.30-a0-250-g41c1d76940 (webtiles) character file.

Game seed: 10279113382453479222

4600000 ytrimaz the Conqueror (level 23, -63/219 HPs)
             Began as a Demonspawn Monk on Oct 12, 2022.
             Was the Champion of Makhleb.
             Annihilated by a destroyer
             ... wielding a +9 vorpal great sword
              (113 damage)
             ... in the Dungeon (Sprint VIII: "Arena of Blood").
             The game lasted 00:01:27 (46 turns).

ytrimaz the Conqueror (Demonspawn Monk)               Turns: 46, Time: 00:01:27

Health: -63/219    AC:  8    Str: 11    XL:     23   Next: 81%
Magic:  22/54      EV: 37    Int: 15    God:    Makhleb [******]
Gold:   0          SH:  0    Dex: 24    Spells: 76/76 levels left

rFire   . . .      SeeInvis .    i - +∞ Axe of Woe
rCold   . . .      Faith    .    (shield currently unavailable)
rNeg    . . .      Spirit   .    a - +0 robe
rPois   .          Reflect  .    (no helmet)
rElec   +          Harm     .    (no cloak)
rCorr   .          Rampage  .    (gloves unavailable)
Will    +....      NoTele   +    (no boots)
Stlth   ++++++++++               (no amulet)
HPRegen 0.56/turn                (no ring)
MPRegen 0.34/turn                (no ring)

@: no status effects
A: claws 3, thin metallic scales 3, icemail 2, augmentation 2, condensation
shield, demonic magic 2
a: Renounce Religion, Minor Destruction, Lesser Servant of Makhleb, Major
Destruction, Greater Servant of Makhleb


You were in the Dungeon.
You worshipped Makhleb.
Makhleb was exalted by your worship.
You visited 1 branch


Innate Abilities, Weirdness & Mutations

You have claws for hands.
You are completely covered in thin metallic scales. (AC +4, rElec)
A meltable icy envelope protects you from harm. (AC +0)
Your magical and physical power is enhanced at high health.
A meltable shield of frost defends you. (SH +0)
Spells you cast may paralyse nearby enemies.


   Skills:
 O Level 27 Fighting
 + Level 10.2(12.0) Short Blades
 + Level 10.3(12.1) Long Blades
 O Level 27 Axes
 O Level 27 Maces & Flails
 O Level 27 Polearms
 O Level 27 Staves
 + Level 10.2 Ranged Weapons
 + Level 10.0 Throwing
 O Level 27 Armour
 O Level 27 Dodging
 O Level 27 Stealth
 + Level 10.2 Shields
 O Level 27 Unarmed Combat
 O Level 27 Spellcasting
 + Level 11.0 Conjurations
 + Level 11.0 Hexes
 + Level 10.9 Summonings
 + Level 12.2 Necromancy
 + Level 10.1 Translocations
 + Level 10.0 Transmutations
 + Level 10.2 Fire Magic
 + Level 10.0 Ice Magic
 + Level 10.3 Air Magic
 + Level 10.1 Earth Magic
 + Level 10.9 Poison Magic
 O Level 27 Invocations
 + Level 11.1 Evocations


You had 76 spell levels left.
You didn't know any spells.
Your spell library was empty.

Inventory:

Hand Weapons
 i - the +∞ Axe of Woe (weapon)
   (You found it in the Dungeon)
Armour
 a - a +0 robe (worn)
Scrolls
 h - a scroll of blinking
Potions
 b - a potion of ambrosia
 c - a potion of curing
 d - a potion of heal wounds
 e - a potion of haste
 f - 2 potions of magic
 g - a potion of berserk rage

Dungeon Overview and Level Annotations

Branches:
Dungeon (1/1) Zot: 27000

Altars:
Makhleb

Annotations:
D The Servant

.............
..........o..
............
......OO...
zL.○......
#))o....# #
#@§○....#
..oO###§)V....###.
..O.oo§@§###......
.#....○☼V☼_..O....
...oD..#.....#....
.......#_.<._# .
..o....#.§...#
z#........_.....
.........###......
o...###... ..###.
#.. ..#


You could see a tyrant, The Servant, an eight-headed meat hydra, 2 destroyers, 2
sculptors of flesh, 2 large bags of meat, 3 meat berserkers and 8 bags of meat.


Message History

Your Conjurations skill gained 2 levels and is now at level 9!
Your Hexes skill gained 2 levels and is now at level 9!
Your Summonings skill gained 2 levels and is now at level 9!
Your Necromancy skill gained 2 levels and is now at level 10!
Your Translocations skill gained 2 levels and is now at level 8!
Your Transmutations skill gained 2 levels and is now at level 8!
Your Fire Magic skill gained 2 levels and is now at level 8!
Your Ice Magic skill gained 2 levels and is now at level 8!
Your Air Magic skill gained 2 levels and is now at level 8!
Your Earth Magic skill gained 2 levels and is now at level 8!
Your Poison Magic skill gained 2 levels and is now at level 9!
Your Evocations skill gained 2 levels and is now at level 9! 😨 HP[-33]
You take 33 damage, and now have 56/219 hp.
Unknown command.
Unknown command.
You slash the destroyer!
You pulverise the destroyer into a thin bloody mist.
You destroy the destroyer!
Makhleb accepts your kill.
You feel better.
You are engulfed in blazing flames.
* * * LOW HITPOINT WARNING * * *
You hear a shout!
A bag of meat comes into view. It is wielding a +9 war axe.
The destroyer gestures at you while chanting.
The destroyer blinks!
You hear a shout! x2
A meat berserker comes into view. It is wielding a +9 battleaxe.
You hear a shout!
Your base Short Blades skill increases to level 9!
Your base Long Blades skill increases to level 9!
Your Ranged Weapons skill increases to level 9!
Your Throwing skill increases to level 9!
Your Shields skill increases to level 9!
Your Conjurations skill increases to level 10!
Your Hexes skill increases to level 10!
Your Summonings skill increases to level 10!
Your Necromancy skill increases to level 11!
Your Translocations skill increases to level 9!
Your Transmutations skill increases to level 9!
Your Fire Magic skill increases to level 9!
Your Ice Magic skill increases to level 9!
Your Air Magic skill increases to level 9!
Your Earth Magic skill increases to level 9!
Your Poison Magic skill increases to level 10!
Your Evocations skill increases to level 10!
Unknown command. 😨 HP[+26]
You regained 26 hp, and now have 82/219 hp.
Unknown command.
Unknown command.
The bag of meat shouts!
You hit the meat berserker.
You chop the meat berserker into pieces.
You kill the meat berserker!
Makhleb accepts your kill.
You feel better.
You are engulfed in blazing flames.
* * * LOW HITPOINT WARNING * * *
You hear a shout!
A meat berserker comes into view. It is wielding a +9 battleaxe.
You hear a shout! x3
The eight-headed meat hydra calls on the powers of darkness!
The eight-headed meat hydra convulses!
The bag of meat convulses! x3
The meat berserker convulses!
The bag of meat convulses!
The meat berserker convulses!
Your body is wracked with pain!
* * * LOW HITPOINT WARNING * * *
The bag of meat convulses!
The destroyer casts a spell at you.
The destroyer blinks!
You hear a shout! x4
Your base Short Blades skill increases to level 10!
Your base Long Blades skill increases to level 10!
Your Ranged Weapons skill increases to level 10!
Your Throwing skill increases to level 10!
Your Shields skill increases to level 10!
Your Conjurations skill increases to level 11!
Your Hexes skill increases to level 11!
Your Necromancy skill increases to level 12!
Your Translocations skill increases to level 10!
Your Transmutations skill increases to level 10!
Your Fire Magic skill increases to level 10!
Your Ice Magic skill increases to level 10!
Your Air Magic skill increases to level 10!
Your Earth Magic skill increases to level 10!
Your Evocations skill increases to level 11! 😱 HP[-32]
You take 32 damage, and now have 50/219 hp.
Unknown command.
Unknown command.
Unknown command.
Unknown command.
A meat berserker and a bag of meat come into view.
The meat berserker shouts!
You hear a shout! x5
A sculptor of flesh comes into view. It is wielding a +9 great sword.
A bag of meat comes into view. It is wielding a +9 war axe.
The destroyer is engulfed in blazing flames.
The destroyer hits you with a +9 vorpal great sword!!!!
Ouch! That really hurt!
You die...

Skill      XL: |  1  2  3  4  5  6  7  8  9 10 11 12 13 14 15 16 17 18 19 20 21 22 23 |
---------------+----------------------------------------------------------------------+-----
Fighting       | 15 16 17 20 22 27 | 27.0
Dodging        | 14 15 16 18 21 25 27 | 27.0
Stealth        | 15 16 17 20 22 27 | 27.0
Unarmed Combat | 14 21 23 27 | 27.0
Axes           | 6 8 12 16 21 27 | 27.0
Armour         | 17 22 27 | 27.0
Invocations    | 27 | 27.0
Spellcasting   | 16 27 | 27.0
Maces & Flails | 17 19 27 | 27.0
Polearms       | 17 19 27 | 27.0
Staves         | 13 27 | 27.0
Short Blades   | 6 10 | 10.2
Long Blades    | 6 10 | 10.3
Ranged Weapons | 6 10 | 10.2
Throwing       | 6 10 | 10.0
Shields        | 6 10 | 10.2
Conjurations   | 7 11 | 11.0
Hexes          | 7 11 | 11.0
Summonings     | 7 10 | 10.9
Necromancy     | 8 12 | 12.2
Translocations | 6 10 | 10.1
Transmutations | 6 10 | 10.0
Fire Magic     | 6 10 | 10.2
Ice Magic      | 6 10 | 10.0
Air Magic      | 6 10 | 10.3
Earth Magic    | 6 10 | 10.1
Poison Magic   | 7 10 | 10.9
Evocations     | 7 11 | 11.1

Action                   |  1- 3 |  4- 6 |  7- 9 | 10-12 | 13-15 | 16-18 | 19-21 | 22-24 || total
-------------------------+-------+-------+-------+-------+-------+-------+-------+-------++-------
Melee: Executioner's axe |     1 |       |       |     2 |     8 |     5 |     9 |     7 ||    32
Dodge: Dodged            |       |       |       |       |     2 |       |       |       ||     2

Levels and vault maps discovered:
D:        meatsprint

Notes
Turn   | Place    | Note
-------+----------+-------------------------------------------
     0 | D        | Found the +∞ Axe of Woe
     0 | D        | ytrimaz the Demonspawn Monk began the quest for the Orb.
     0 | D        | Reached XP level 1. HP: 18/18 MP: 1/1
     0 | D        | magus.rc [v1.9.6]
     1 | D        | Noticed a meat berserker
     1 | D        | Noticed a bag of meat
     1 | D        | Noticed a bag of meat
     3 | D        | Became a worshipper of Makhleb the Destroyer
     3 | D        | Reached * piety under Makhleb
     3 | D        | Reached ** piety under Makhleb
     5 | D        | Killed a meat berserker
     6 | D        | Reached skill level 15 in Fighting
     6 | D        | Reached skill level 14 in Dodging
     6 | D        | Reached skill level 15 in Stealth
     6 | D        | Reached skill level 14 in Unarmed Combat
     6 | D        | Gained mutation: Spells you cast may paralyse adjacent
                  | enemies. [demonic ancestry]
     6 | D        | Reached XP level 2. HP: 44/44 MP: 2/2
     6 | D        | Gained mutation: You are partially covered in thin metallic
                  | scales. (AC +2) [demonic ancestry]
     6 | D        | Reached XP level 3. HP: 50/50 MP: 3/3
     6 | D        | Reached XP level 4. HP: 57/57 MP: 4/4
     6 | D        | Reached XP level 5. HP: 63/63 MP: 5/5
     6 | D        | Gained mutation: A meltable shield of frost defends you.
                  | (SH +0) [demonic ancestry]
     6 | D        | Reached XP level 6. HP: 70/70 MP: 6/6
     6 | D        | Reached XP level 7. HP: 76/76 MP: 7/7
     6 | D        | Gained mutation: You have sharp fingernails. [demonic
                  | ancestry]
     6 | D        | Reached XP level 8. HP: 83/83 MP: 8/8
     6 | D        | Reached XP level 9. HP: 89/89 MP: 9/9
     6 | D        | Reached XP level 10. HP: 97/97 MP: 10/10
     6 | D        | Gained mutation: A meltable icy envelope protects you from
                  | harm. (AC +0) [demonic ancestry]
     6 | D        | Reached XP level 11. HP: 103/103 MP: 11/11
     7 | D        | Noticed a bag of meat
     8 | D        | Killed a bag of meat
     9 | D        | Reached skill level 16 in Fighting
     9 | D        | Reached skill level 6 in Axes
     9 | D        | Reached skill level 15 in Dodging
     9 | D        | Reached skill level 16 in Stealth
     9 | D        | Gained mutation: You have very sharp fingernails. [demonic
                  | ancestry]
     9 | D        | Reached XP level 12. HP: 113/113 MP: 12/12
     9 | D        | Noticed a bag of meat
    10 | D        | Noticed a meat berserker
    10 | D        | Killed a bag of meat
    10 | D        | Noticed a bag of meat
    10 | D        | Noticed a bag of meat
    11 | D        | Reached skill level 17 in Fighting
    11 | D        | Reached skill level 8 in Axes
    11 | D        | Reached skill level 16 in Dodging
    11 | D        | Reached skill level 17 in Stealth
    11 | D        | Reached XP level 13. HP: 60/122 MP: 13/13
    11 | D        | Killed a meat berserker
    11 | D        | Reached *** piety under Makhleb
    11 | D        | Noticed a bag of meat
    11 | D        | Noticed a bag of meat
    12 | D        | Reached skill level 19 in Fighting
    12 | D        | Reached skill level 11 in Axes
    12 | D        | Reached skill level 17 in Dodging
    12 | D        | Reached skill level 19 in Stealth
    12 | D        | Noticed a bag of meat
    13 | D        | Noticed a bag of meat
    15 | D        | Killed a bag of meat
    16 | D        | Reached skill level 20 in Fighting
    16 | D        | Reached skill level 12 in Axes
    16 | D        | Reached skill level 18 in Dodging
    16 | D        | Reached skill level 20 in Stealth
    16 | D        | Gained mutation: A meltable icy envelope protects you from
                  | harm. (AC +0) [demonic ancestry]
    16 | D        | Reached XP level 14. HP: 121/135 MP: 14/14
    16 | D        | Killed a bag of meat
    16 | D        | Noticed a meat berserker
    16 | D        | Noticed a bag of meat
    16 | D        | Noticed a meat berserker
    16 | D        | Noticed a meat berserker
    17 | D        | Reached skill level 13 in Axes
    17 | D        | Reached skill level 19 in Dodging
    17 | D        | Noticed a bag of meat
    18 | D        | Noticed a large bag of meat
    18 | D        | Noticed a meat berserker
    18 | D        | Noticed a bag of meat
    19 | D        | Killed a bag of meat
    19 | D        | Reached **** piety under Makhleb
    19 | D        | Noticed a bag of meat
    19 | D        | Noticed a bag of meat
    20 | D        | Reached skill level 21 in Fighting
    20 | D        | Reached skill level 14 in Axes
    20 | D        | Reached skill level 21 in Stealth
    20 | D        | Noticed a meat berserker
    20 | D        | Killed a bag of meat
    20 | D        | Noticed a bag of meat
    20 | D        | Noticed a bag of meat
    21 | D        | Reached skill level 15 in Axes
    21 | D        | Reached skill level 20 in Dodging
    21 | D        | Noticed a destroyer
    21 | D        | Noticed a large bag of meat
    21 | D        | Killed a bag of meat
    21 | D        | Killed a bag of meat
    21 | D        | Noticed a bag of meat
    21 | D        | Noticed a bag of meat
    21 | D        | Noticed a bag of meat
    21 | D        | Noticed a destroyer
    22 | D        | Reached skill level 22 in Fighting
    22 | D        | Reached skill level 16 in Axes
    22 | D        | Reached skill level 21 in Dodging
    22 | D        | Reached skill level 22 in Stealth
    22 | D        | Reached XP level 15. HP: 148/148 MP: 15/15
    22 | D        | Reached ***** piety under Makhleb
    22 | D        | Killed a meat berserker
    22 | D        | Noticed a destroyer
    22 | D        | Noticed a large bag of meat
    23 | D        | Reached skill level 24 in Fighting
    23 | D        | Reached skill level 18 in Axes
    23 | D        | Reached skill level 22 in Dodging
    23 | D        | Reached skill level 24 in Stealth
    23 | D        | Killed a meat berserker
    23 | D        | Killed a destroyer
    23 | D        | Killed a meat berserker
    24 | D        | Reached skill level 27 in Fighting
    24 | D        | Reached skill level 21 in Axes
    24 | D        | Reached skill level 25 in Dodging
    24 | D        | Reached skill level 27 in Stealth
    24 | D        | Gained mutation: Spells you cast may paralyse nearby
                  | enemies. [demonic ancestry]
    24 | D        | Reached XP level 16. HP: 167/167 MP: 16/16
    24 | D        | Killed a meat berserker
    24 | D        | Reached ****** piety under Makhleb
    24 | D        | Killed a large bag of meat
    24 | D        | Killed a destroyer
    24 | D        | Noticed a meat berserker
    24 | D        | Noticed a large bag of meat
    25 | D        | Reached skill level 27 in Axes
    25 | D        | Reached skill level 27 in Dodging
    25 | D        | Reached skill level 17 in Armour
    25 | D        | Gained mutation: You have claws for hands. [demonic
                  | ancestry]
    25 | D        | Reached XP level 17. HP: 128/174 MP: 17/17
    25 | D        | Killed a meat berserker
    26 | D        | Reached skill level 22 in Armour
    26 | D        | Reached XP level 18. HP: 171/182 MP: 18/18
    26 | D        | Killed a destroyer
    26 | D        | Noticed a destroyer
    26 | D        | Noticed a meat berserker
    27 | D        | Reached skill level 26 in Armour
    27 | D        | Noticed a meat berserker
    27 | D        | Noticed a large bag of meat
    27 | D        | Noticed a meat berserker
    28 | D        | Killed a large bag of meat
    28 | D        | Noticed a meat berserker
    29 | D        | Reached skill level 27 in Armour
    29 | D        | Reached skill level 21 in Invocations
    29 | D        | Noticed a destroyer
    29 | D        | Killed a destroyer
    29 | D        | Noticed a large bag of meat
    30 | D        | Reached skill level 27 in Invocations
    30 | D        | Reached skill level 16 in Spellcasting
    30 | D        | Gained mutation: You are mostly covered in thin metallic
                  | scales. (AC +3) [demonic ancestry]
    30 | D        | Reached XP level 19. HP: 173/189 MP: 18/39
    31 | D        | Reached skill level 20 in Spellcasting
    31 | D        | Noticed a destroyer
    31 | D        | Killed a meat berserker
    32 | D        | Reached skill level 25 in Spellcasting
    32 | D        | Noticed a destroyer
    32 | D        | Noticed a destroyer
    32 | D        | Killed a large bag of meat
    32 | D        | Killed a meat berserker
    32 | D        | Killed a destroyer
    32 | D        | Killed a meat berserker
    32 | D        | Killed a large bag of meat
    32 | D        | Noticed a large bag of meat
    33 | D        | Reached skill level 27 in Spellcasting
    33 | D        | Reached skill level 17 in Maces & Flails
    33 | D        | Reached skill level 17 in Polearms
    33 | D        | Reached skill level 21 in Unarmed Combat
    33 | D        | Reached XP level 20. HP: 135/197 MP: 18/51
    34 | D        | Reached skill level 18 in Maces & Flails
    34 | D        | Reached skill level 18 in Polearms
    34 | D        | Reached skill level 22 in Unarmed Combat
    34 | D        | Killed a meat berserker
    34 | D        | Noticed a meat berserker
    34 | D        | Noticed an eight-headed meat hydra
    34 | D        | Noticed a large bag of meat
    35 | D        | Reached skill level 19 in Maces & Flails
    35 | D        | Reached skill level 19 in Polearms
    35 | D        | Reached skill level 23 in Unarmed Combat
    35 | D        | Gained mutation: You are completely covered in thin
                  | metallic scales. (AC +4, rElec) [demonic ancestry]
    35 | D        | Reached XP level 21. HP: 187/204 MP: 19/52
    35 | D        | Killed a large bag of meat
    35 | D        | Noticed a destroyer
    35 | D        | Noticed a destroyer
    36 | D        | Reached skill level 22 in Maces & Flails
    36 | D        | Reached skill level 22 in Polearms
    36 | D        | Reached skill level 25 in Unarmed Combat
    37 | D        | Reached skill level 23 in Maces & Flails
    37 | D        | Reached skill level 23 in Polearms
    37 | D        | Reached skill level 26 in Unarmed Combat
    37 | D        | Killed a destroyer
    37 | D        | Noticed a destroyer
    38 | D        | Reached skill level 25 in Maces & Flails
    38 | D        | Reached skill level 25 in Polearms
    38 | D        | Reached skill level 27 in Unarmed Combat
    38 | D        | Killed a destroyer
    38 | D        | Killed a large bag of meat
    38 | D        | Noticed The Servant
    39 | D        | Reached skill level 27 in Maces & Flails
    39 | D        | Reached skill level 27 in Polearms
    39 | D        | Reached skill level 13 in Staves
    39 | D        | Gained mutation: Your magical and physical power is
                  | slightly enhanced at high health. [demonic ancestry]
    39 | D        | Reached XP level 22. HP: 84/212 MP: 20/53
    39 | D        | HP: 46/212 [??? (44)]
    40 | D        | Reached skill level 17 in Staves
    41 | D        | Reached skill level 25 in Staves
    41 | D        | Killed a destroyer
    42 | D        | Reached skill level 27 in Staves
    42 | D        | Reached skill level 2 in Short Blades
    42 | D        | Reached skill level 3 in Long Blades
    42 | D        | Reached skill level 3 in Ranged Weapons
    42 | D        | Reached skill level 3 in Throwing
    42 | D        | Reached skill level 3 in Shields
    42 | D        | Reached skill level 3 in Conjurations
    42 | D        | Reached skill level 3 in Hexes
    42 | D        | Reached skill level 3 in Summonings
    42 | D        | Reached skill level 3 in Necromancy
    42 | D        | Reached skill level 3 in Translocations
    42 | D        | Reached skill level 3 in Transmutations
    42 | D        | Reached skill level 3 in Fire Magic
    42 | D        | Reached skill level 2 in Ice Magic
    42 | D        | Reached skill level 3 in Air Magic
    42 | D        | Reached skill level 3 in Earth Magic
    42 | D        | Reached skill level 3 in Poison Magic
    42 | D        | Reached skill level 3 in Evocations
    42 | D        | Noticed a large bag of meat
    42 | D        | Killed a large bag of meat
    42 | D        | Noticed a tyrant
    43 | D        | Reached skill level 6 in Short Blades
    43 | D        | Reached skill level 6 in Long Blades
    43 | D        | Reached skill level 6 in Ranged Weapons
    43 | D        | Reached skill level 6 in Throwing
    43 | D        | Reached skill level 6 in Shields
    43 | D        | Reached skill level 7 in Conjurations
    43 | D        | Reached skill level 7 in Hexes
    43 | D        | Reached skill level 7 in Summonings
    43 | D        | Reached skill level 8 in Necromancy
    43 | D        | Reached skill level 6 in Translocations
    43 | D        | Reached skill level 6 in Transmutations
    43 | D        | Reached skill level 6 in Fire Magic
    43 | D        | Reached skill level 6 in Ice Magic
    43 | D        | Reached skill level 6 in Air Magic
    43 | D        | Reached skill level 6 in Earth Magic
    43 | D        | Reached skill level 7 in Poison Magic
    43 | D        | Reached skill level 7 in Evocations
    43 | D        | Gained mutation: Your magical and physical power is
                  | enhanced at high health. [demonic ancestry]
    43 | D        | Reached XP level 23. HP: 89/219 MP: 21/54
    43 | D        | Noticed an accursed
    43 | D        | Killed an accursed
    44 | D        | Reached skill level 8 in Short Blades
    44 | D        | Reached skill level 8 in Long Blades
    44 | D        | Reached skill level 8 in Ranged Weapons
    44 | D        | Reached skill level 8 in Throwing
    44 | D        | Reached skill level 8 in Shields
    44 | D        | Reached skill level 9 in Conjurations
    44 | D        | Reached skill level 9 in Hexes
    44 | D        | Reached skill level 9 in Summonings
    44 | D        | Reached skill level 10 in Necromancy
    44 | D        | Reached skill level 8 in Translocations
    44 | D        | Reached skill level 8 in Transmutations
    44 | D        | Reached skill level 8 in Fire Magic
    44 | D        | Reached skill level 8 in Ice Magic
    44 | D        | Reached skill level 8 in Air Magic
    44 | D        | Reached skill level 8 in Earth Magic
    44 | D        | Reached skill level 9 in Poison Magic
    44 | D        | Reached skill level 9 in Evocations
    44 | D        | Killed a destroyer
    45 | D        | Reached skill level 9 in Short Blades
    45 | D        | Reached skill level 9 in Long Blades
    45 | D        | Reached skill level 9 in Ranged Weapons
    45 | D        | Reached skill level 9 in Throwing
    45 | D        | Reached skill level 9 in Shields
    45 | D        | Reached skill level 10 in Conjurations
    45 | D        | Reached skill level 10 in Hexes
    45 | D        | Reached skill level 10 in Summonings
    45 | D        | Reached skill level 11 in Necromancy
    45 | D        | Reached skill level 9 in Translocations
    45 | D        | Reached skill level 9 in Transmutations
    45 | D        | Reached skill level 9 in Fire Magic
    45 | D        | Reached skill level 9 in Ice Magic
    45 | D        | Reached skill level 9 in Air Magic
    45 | D        | Reached skill level 9 in Earth Magic
    45 | D        | Reached skill level 10 in Poison Magic
    45 | D        | Reached skill level 10 in Evocations
    45 | D        | HP: 50/219 [??? (48)]
    46 | D        | Reached skill level 10 in Short Blades
    46 | D        | Reached skill level 10 in Long Blades
    46 | D        | Reached skill level 10 in Ranged Weapons
    46 | D        | Reached skill level 10 in Throwing
    46 | D        | Reached skill level 10 in Shields
    46 | D        | Reached skill level 11 in Conjurations
    46 | D        | Reached skill level 11 in Hexes
    46 | D        | Reached skill level 12 in Necromancy
    46 | D        | Reached skill level 10 in Translocations
    46 | D        | Reached skill level 10 in Transmutations
    46 | D        | Reached skill level 10 in Fire Magic
    46 | D        | Reached skill level 10 in Ice Magic
    46 | D        | Reached skill level 10 in Air Magic
    46 | D        | Reached skill level 10 in Earth Magic
    46 | D        | Reached skill level 11 in Evocations
    46 | D        | Annihilated by a destroyer

Vanquished Creatures
  A royal mummy (D)
  9 vampire knights (D)
  16 ogres (D)
  7 two-headed ogres (D)
  29 orcs (D)
  2 skeletal warriors (D)
64 creatures vanquished.

Table legend:
 A = Non-vault XP
 B = Vault XP
 C = Vault XP percentage of total XP
 D = Non-vault monster count
 E = Vault monster count
 F = Vault count percentage of total count
                 A         B        C        D         E       F
            +---------+---------+-------+---------+---------+-------
      Total |  691016 |  269742 |  28.1 |      38 |      26 |  40.6
            +---------+---------+-------+---------+---------+-------
          D |  691016 |  269742 |  28.1 |      38 |      26 |  40.6
            +---------+---------+-------+---------+---------+-------

Illustrated notes

Table legend:
 A = Kills in this place as a percentage of kills in entire the game.
 B = Kills by you in this place as a percentage of kills by you in the entire game.
 C = Kills by friends in this place as a percentage of kills by friends in the entire game.
 D = Other kills in this place as a percentage of other kills in the entire game.
 E = Experience gained in this place as a percentage of experience gained in the entire game.
 F = Experience gained in this place divided by the number of levels of this place that you have seen.
                   A       B       C       D       E      F
               +-------+-------+-------+-------+-------+----------------------
         Total | 100.0 | 100.0 |   N/A |   N/A | 100.0 | 960758.0
       Dungeon | 100.0 | 100.0 |   N/A |   N/A | 100.0 | 960758.0
               +-------+-------+-------+-------+-------+----------------------

Table legend: (Time is in decaauts)
 A = Elapsed time spent in this place.
 B = Non-inter-level travel time spent in this place.
 C = Inter-level travel time spent in this place.
 D = Time resting spent in this place.
 E = Time spent auto-exploring this place.
 F = Levels seen in this place.
 G = Mean time per level.
                   A        B        C        D        E       F      G
               +--------+--------+--------+--------+--------+-----+--------+
         Total |     43 |     43 |      0 |      0 |      0 |   1 |   43.0 |
       Dungeon |     43 |     43 |      0 |      0 |      0 |   1 |   43.0 |
               +--------+--------+--------+--------+--------+-----+--------+

Top non-repeatable levels by time:
       D: 43 daAuts
